 Dungeon Crawl Stone Soup version 0.24.0-123-gd5b16e6ec5 (webtiles) character file.

Game seed: 6225325098081017322, levelgen mode: deterministic

15901 Curus the Spear-Bearer (level 12, -5/108 HPs)
             Began as a Minotaur Abyssal Knight on Jan 13, 2020.
             Was the Champion of Lugonu.
             Slain by a cyclops (9 damage)
             ... on level 12 of the Dungeon on Jan 14, 2020.
             The game lasted 01:26:04 (14948 turns).

Curus the Spear-Bearer (Minotaur Abyssal Knight)   Turns: 14948, Time: 01:26:06

Health: -5/108     AC: 22    Str: 22    XL:     12   Next: 5%
Magic:  0/18       EV:  4    Int:  9    God:    Lugonu [******]
Gold:   66         SH:  8    Dex: 15    Spells: 11/11 levels left

rFire    . . .     SeeInvis .   r - +0 trident (flame)
rCold    + . .     Gourm    .   y - +0 shield
rNeg     . . .     Faith    .   z - +1 plate armour
rPois    +         Spirit   +   h - +2 hat
rElec    .         Reflect  .   a - +0 cloak
rCorr    .         Harm     .   (no gloves)
MR       .....                  u - +2 pair of boots
Stlth    ..........             e - amulet of guardian spirit
HPRegen  0.28/turn              w - ring of protection from cold
MPRegen  0.16/turn              n - ring of poison resistance

@: mighty, about to teleport
A: retaliatory headbutt, horns 2
a: Depart the Abyss, Bend Space, Banish, Corrupt, Enter the Abyss, Brand Weapon
With Distortion, Renounce Religion


You were on level 12 of the Dungeon.
You worshipped Lugonu.
Lugonu was exalted by your worship.
You were hungry.

You visited 1 branch of the dungeon, and saw 12 of its levels.
You visited the Abyss 1 time.
You also visited: Sewer and Ossuary.

You collected 648 gold pieces.
You spent 582 gold pieces at shops.

Inventory:

Hand Weapons
 r - a +0 trident of flaming (weapon)
Armour
 a - a +0 cloak (worn)
 b - a +0 leather armour
 d - a scarf of cloud immunity
 f - a +0 scale mail
 h - a +2 hat (worn)
 u - a +2 pair of boots (worn)
 y - a +0 shield (worn)
 z - a +1 plate armour (worn)
 A - a +0 chain mail
 C - a +0 pair of boots
 G - a scarf of repulsion
Jewellery
 e - an amulet of guardian spirit (around neck)
 g - an uncursed ring of protection from cold
 n - a ring of poison resistance (right hand)
 w - a ring of protection from cold (left hand)
 E - a +3 ring of protection
 F - a +5 ring of protection
Wands
 m - a wand of enslavement (1)
 s - a wand of acid (20)
 v - a wand of digging (12)
Scrolls
 i - a scroll of magic mapping
 j - 12 scrolls of identify
 l - 3 scrolls of fear
 p - 7 scrolls of remove curse
 q - 3 scrolls of amnesia
Potions
 k - a potion of magic
 o - 5 potions of curing
 t - a potion of brilliance
Miscellaneous
 B - a fan of gales
Comestibles
 c - 22 rations
 H - 3 chunks of flesh


   Skills:
 + Level 10.7 Fighting
 - Level 14.0 Polearms
 + Level 10.4 Armour
 - Level 1.1 Dodging
 - Level 10.3 Invocations


You had 11 spell levels left.
You didn't know any spells.
Your spell library contained the following spells:

 Spells                   Type           Power        Failure   Level  Hunger
 Corona                   Hex            #......      100%        1    ##.....
 Slow                     Hex            #.......     100%        2    ###....
 Inner Flame              Hex/Fire       #.......     100%        3    ####...
 Portal Projectile        Hex/Tloc       #.....       100%        3    ####...
 Cause Fear               Hex            #.........   100%        4    #####..
 Leda's Liquefaction      Hex/Erth       #.........   100%        4    #####..


Dungeon Overview and Level Annotations

Branches:
Dungeon (11/15)            Temple (0/1) D:7            Lair (0/6) D:11
    Orc (0/2) D:10          Sewer (visited)         Ossuary (visited)

Altars:
Dithmenos
Fedhas
Gozag
Hepliaklqana
Makhleb
Okawaru
Qazlal
Ru
Sif Muna
Trog
Uskayaw
Vehumet
Wu Jian
Xom
The Shining One

Shops:
D:4 }([   D:7 }%?=*

Portals:
Trove: D:11 (give +6 demon trident)

Annotations:
D:8 Maurice
D:11 exclusion: oklob plant
Abyss:1 Grinder


Innate Abilities, Weirdness & Mutations

You reflexively headbutt those who attack you in melee.
You have a pair of horns on your head.


Message History

You hit the cyclops but do no damage.
The cyclops is lightly wounded.
The kobold hits you with a +0 club.
* * * LOW HITPOINT WARNING * * *
You impale the cyclops!! You burn the cyclops.
The cyclops is heavily wounded.
You puncture the cyclops! You burn the cyclops.
Your headbutt misses the cyclops.
The cyclops is severely wounded.
You block the kobold's attack.
You block the titanic slime creature's attack.
The cyclops hits you.
* * * LOW HITPOINT WARNING * * *
As you read the scroll of teleportation, it crumbles to dust.
You feel strangely unstable.
The titanic slime creature barely misses you.
You furiously retaliate!
You headbutt the titanic slime creature!
The kobold hits you but does no damage. The cyclops hits you!
You die...

#. #. ##.#######
########+ #........###
#@KK..... #..........#
#CJo..$.. #........#.#
#Kh......
#........#J###........
#.....o..#o.##J)......
#...J....##..#...>....
#........###((........
##J####### ###........
#).# #........


You could see a titanic slime creature, a slime creature, a cyclops, a hound, an
orc and 3 kobolds.

Vanquished Creatures
  Gastronok (D:10)
  A two-headed ogre (D:12)
  2 unseen horrors
  Pikel (D:8)
  3 ugly things (D:11)
  A cyclops (D:11)
  A jumping spider (shapeshifter) (D:11)
  A troll (D:9)
  2 hippogriffs (D:9)
  Prince Ribbit (D:5)
  A slime creature (shapeshifter) (D:10)
  A spriggan (D:7)
  2 wyverns
  9 yaks (D:9)
  A hungry ghost (D:10)
  Menkaure (D:4)
  A water moccasin (D:11)
  3 phantoms
  3 orc warriors
  A sky beast (D:9)
  An ice beast (D:10)
  2 black bears (D:9)
  An eye of draining (D:9)
  3 ogres
  8 centaurs
  8 big kobolds
  3 bullfrogs
  3 elf zombies (Ossuary)
  A wyvern skeleton (D:8)
  5 scorpions
  15 killer bees
  10 wights
  7 crimson imps
  2 howler monkeys
  3 centaur zombies
  3 human zombies (Ossuary)
  11 orc wizards
  11 hounds
  3 jellies
  A quasit (D:11)
  7 orc priests
  2 centaur skeletons
  Ijyb (D:3)
  2 bullfrog skeletons
  7 iguanas
  3 worker ants
  A big kobold zombie (Ossuary)
  3 mummies
  A worker ant zombie (D:7)
  17 gnolls
  23 adders
  A river rat (D:4)
  5 shadow imps
  7 oozes
  An adder zombie (Ossuary)
  An adder skeleton (D:5)
  8 worms
  A dart slug (D:2)
  3 leopard geckos
  60 orcs
  2 ball pythons
  3 giant cockroaches
  9 hobgoblins
  6 jackals
  31 kobolds
  11 quokkas
  A ball python zombie (D:5)
  8 bats
  5 frilled lizards
  10 goblins
  8 hobgoblin zombies (Ossuary)
  3 jackal zombies
  12 kobold zombies (Ossuary)
  9 orc zombies
  2 quokka skeletons (D:5)
  A quokka zombie (D:9)
  10 rats
423 creatures vanquished.

Vanquished Creatures (others)
  A manticore (D:11)
  The ghost of Exporg the Poker, a novice MiGl (D:4)
2 creatures vanquished.

Grand Total: 425 creatures vanquished

Notes
Turn   | Place    | Note
-------+----------+-------------------------------------------
     0 | Abyss:1  | Curus the Minotaur Abyssal Knight began the quest for the
                  | Orb.
     0 | Abyss:1  | Reached XP level 1. HP: 19/19 MP: 1/1
     8 | D:1      | Escaped the Abyss
   138 | D:1      | Reached skill level 3 in Polearms
   138 | D:1      | Reached XP level 2. HP: 24/26 MP: 2/2
   621 | D:1      | Reached XP level 3. HP: 31/31 MP: 2/4
   835 | D:2      | Reached ** piety under Lugonu
   923 | D:2      | Reached skill level 4 in Polearms
  1168 | D:2      | Reached XP level 4. HP: 34/39 MP: 3/5
  1708 | D:3      | Found a radiant altar of Vehumet.
  1717 | D:3      | Noticed Ijyb
  1751 | D:3      | Killed Ijyb
  1751 | D:3      | Reached XP level 5. HP: 38/45 MP: 6/6
  1837 | D:3      | Reached skill level 5 in Polearms
  1854 | D:3      | Reached *** piety under Lugonu
  2013 | D:3      | Found a shimmering blue altar of Sif Muna.
  2505 | D:4      | Noticed an ogre
  2513 | D:4      | Killed an ogre
  2513 | D:4      | Reached XP level 6. HP: 51/51 MP: 8/8
  2589 | D:4      | Found Jeggempu's Weapon Shop.
  2625 | D:4      | Reached skill level 6 in Polearms
  2631 | D:4      | Reached skill level 5 in Invocations
  2635 | D:4      | Found a runed translucent door.
  2658 | D:4      | Noticed Menkaure
  2668 | D:4      | Killed Menkaure
  2714 | D:4      | Noticed Grinder
  2716 | D:4      | Banished Grinder
  2716 | D:4      | Reached skill level 7 in Polearms
  2716 | D:4      | Reached XP level 7. HP: 19/57 MP: 5/10
  2927 | D:4      | Found Utzaf's Gadget Shoppe.
  2975 | D:4      | Found a glowing drain.
  2997 | Sewer    | Entered a sewer
  3323 | Sewer    | Reached skill level 8 in Polearms
  3453 | Sewer    | Reached XP level 8. HP: 50/64 MP: 12/12
  3456 | Sewer    | Reached **** piety under Lugonu
  3663 | D:4      | Noticed Exporg's ghost (novice MiGl)
  3695 | D:4      | Found a runed translucent door.
  4089 | D:4      | Found Lamio's Antique Weapon Shoppe.
  4165 | D:4      | Found Limnuyrch's Antique Armour Emporium.
  4197 | D:4      | Found a stormy altar of Qazlal.
  4410 | D:4      | Banished Exporg's ghost
  4410 | D:4      | Reached skill level 9 in Polearms
  4715 | D:5      | Entered Level 5 of the Dungeon
  4717 | D:5      | Noticed Prince Ribbit
  4734 | D:5      | Killed Prince Ribbit
  5052 | D:5      | Found a shimmering blue altar of Sif Muna.
  5109 | D:5      | Found a shadowy altar of Dithmenos.
  5334 | D:5      | Reached skill level 10 in Polearms
  5931 | D:6      | Reached XP level 9. HP: 61/70 MP: 12/14
  6719 | D:7      | Found a staircase to the Ecumenical Temple.
  6739 | D:7      | Found an ornate altar of the Wu Jian Council.
  6828 | D:7      | Found a bloodstained altar of Trog.
  6851 | D:7      | Found a sacrificial altar of Ru.
  6859 | D:7      | Reached skill level 11 in Polearms
  6919 | D:7      | Found Ykhuhoth's General Store.
  6922 | D:7      | Found Ennoc's Jewellery Boutique.
  6934 | D:7      | Noticed a +0 hand axe
  6934 | D:7      | Noticed a +0 dagger
  6938 | D:7      | Found a hide-covered altar of Uskayaw.
  6949 | D:7      | Bought an uncursed ring of see invisible for 195 gold
                  | pieces
  6955 | D:7      | Bought a potion of curing for 42 gold pieces
  6973 | D:7      | Found a blossoming altar of Fedhas.
  6986 | D:7      | Found Repeg's Magic Scroll Boutique.
  7058 | D:7      | Found a sand-covered staircase.
  7065 | Ossuary  | Entered an ossuary
  7107 | Ossuary  | Reached ***** piety under Lugonu
  7606 | D:7      | Bought a scroll of teleportation for 45 gold pieces
  7631 | D:7      | Found Zocrom Pirui's Gadget Boutique.
  7634 | D:7      | Found Tauck's Food Shoppe.
  8036 | D:7      | Found a shimmering altar of Xom.
  8037 | D:7      | Found a hazy altar of Hepliaklqana.
  8038 | D:7      | Noticed a spectral ugly thing
  8167 | D:7      | Reached skill level 12 in Polearms
  8508 | D:7      | Found an opulent altar of Gozag.
  8977 | D:8      | Noticed Maurice
  9151 | D:8      | You fall into a shaft and drop 1 floor!
  9518 | D:9      | Found an iron altar of Okawaru.
  9548 | D:9      | Reached XP level 10. HP: 56/77 MP: 10/16
  9617 | D:9      | Reached skill level 13 in Polearms
  9882 | D:9      | Reached skill level 10 in Invocations
 10184 | D:9      | Found a burning altar of Makhleb.
 10346 | D:9      | Found a glowing golden altar of the Shining One.
 10470 | D:9      | HP: 3/77 [something (2)]
 10476 | D:9      | HP: 3/77 [something (1)]
 10812 | D:8      | Noticed Pikel
 10830 | D:8      | Killed Pikel
 10830 | D:8      | Reached skill level 14 in Polearms
 11226 | D:9      | Killed an unseen horror
 11283 | D:9      | Reached skill level 5 in Fighting
 11352 | D:9      | Reached skill level 5 in Armour
 11568 | D:10     | Entered Level 10 of the Dungeon
 11600 | D:10     | Reached XP level 11. HP: 67/90 MP: 17/17
 11656 | D:10     | Reached ****** piety under Lugonu
 11705 | D:10     | Noticed Gastronok
 12139 | D:10     | Found a staircase to the Orcish Mines.
 12375 | D:10     | Noticed an orb spider
 12534 | D:10     | Noticed a spark wasp
 12740 | D:10     | Killed Gastronok
 13356 | D:11     | Noticed a purple ugly thing
 13376 | D:11     | Killed a purple ugly thing
 13414 | D:11     | Noticed an oklob plant
 13416 | D:11     | Found a staircase to the Lair.
 13419 | D:11     | Noticed a white ugly thing
 13431 | D:11     | Killed a white ugly thing
 13657 | D:11     | Killed an unseen horror
 13714 | D:11     | Noticed a cyan ugly thing
 13739 | D:11     | Killed a cyan ugly thing
 13799 | D:11     | Reached skill level 10 in Fighting
 13868 | D:11     | Found a portal to a secret trove of treasure.
 13939 | D:11     | Reached skill level 10 in Armour
 14524 | D:7      | Bought a scroll of brand weapon for 300 gold pieces
 14894 | D:11     | You fall into a shaft and drop 1 floor!
 14901 | D:12     | Noticed a two-headed ogre
 14915 | D:12     | Killed a two-headed ogre
 14915 | D:12     | Reached XP level 12. HP: 37/108 MP: 9/18
 14947 | D:12     | HP: 4/108 [cyclops (4)]
 14948 | D:12     | Slain by a cyclops

Levels and vault maps discovered:
D:1:      erik_arrival_triangle_large, layout_basic
D:2:      layout_loops_ring, serial_forest, infiniplex_forest_corner_2,
          infiniplex_forest_clump_medium, infiniplex_forest_clump_diagonal,
          infiniplex_forest_clump_C, infiniplex_forest_zigzag_1
D:3:      layout_loops_ring, vehumet_crystals, first_ration,
          lemuel_blue_sif_altar, uniq_ijyb
D:4:      layout_basic, lemuel_coloured_pillars_altar, ebering_ghost_sewer_f,
          serial_shops, kennysheep_little_box, nicolae_shop_crystal, shop,
          nicolae_shop_stone, cheibrodos_sewer_entry_bend, uniq_grinder,
          uniq_menkaure
D:5:      layout_rooms, lemuel_doored_altar, old_standard_altar,
          water_boxes_lemuel, uniq_prince_ribbit1
D:6:      layout_basic
D:7:      layout_basic, regret_index_temple_of_mockery, kennysheep_mini_moat,
          fedhas_bush_and_centaur_altar, dancing_weapons_uskayaw,
          lemuel_round_altar, grunt_gozag_breadcrumbs,
          overflow_temple_1_default, minmay_temple_entry_grid, serial_shops,
          nicolae_shop_trees, nicolae_shop_statue_plus, shop, shop_coins, shop,
          nicolae_ossuary_entry_giza, the_bakery
D:8:      layout_loops_corners, uniq_pikel, uniq_maurice
D:9:      layout_long_grid, marbit_many_paths, overflow_temple_1_default,
          okawaru_ov_weapons_minmay
D:10:     layout_small_grid, hiddenorc2_lemuel, uniq_gastronok
D:11:     layout_loops_ring, dpeg_oklobed_lair, serial_shops,
          nicolae_shop_statue_plus, enter_trove_1
D:12:     layout_roguey, drop_trap, jiyva_altar_1

Skill      XL: |  1  2  3  4  5  6  7  8  9 10 11 |
---------------+----------------------------------+-----
Invocations    | 2 3 4 5 6 8 9 10 | 10.3
Polearms       | 3 4 5 7 8 10 12 14 | 14.0
Fighting       | 6 10 | 10.7
Armour         | 5 10 | 10.4
Dodging        | |  1.1

Action                   |  1- 3 |  4- 6 |  7- 9 | 10-12 || total
-------------------------+-------+-------+-------+-------++-------
Melee: Spear             |   102 |   220 |   411 |       ||   733
       Headbutt          |    17 |    19 |   130 |   208 ||   374
       Trident           |       |       |   549 |   995 ||  1544
Invok: Banish            |       |       |     2 |     2 ||     4
       Bend Space        |       |       |     1 |     1 ||     2
Evoke: Wand              |       |       |       |     1 ||     1
  Use: Potion            |     5 |     2 |     8 |     3 ||    18
       Scroll            |     4 |     4 |     2 |     4 ||    14
 Stab: Sleeping          |     1 |       |       |       ||     1
  Eat: Chunk             |     1 |     5 |    17 |     9 ||    32
       Ration            |       |       |     2 |     4 ||     6
Armor: Leather armour    |     2 |       |       |       ||     2
       Scale mail        |    21 |    63 |   161 |       ||   245
       Skin              |       |       |    20 |       ||    20
       Plate armour      |       |       |    81 |   522 ||   603
       Chain mail        |       |       |    36 |       ||    36
Dodge: Dodged            |    28 |    61 |   204 |    87 ||   380
Block: Buckler           |       |     9 |    49 |       ||    58
       Shield            |       |       |    67 |   227 ||   294
